 Dungeon Crawl Stone Soup version 0.26-a0-639-g72c4674329 (webtiles) character file.

Game seed: 10201567327587531479

70 Kaptain the Digger (level 4, -4/28 HPs)
             Began as an Octopode Earth Elementalist on Sept 17, 2020.
             Slain by an orc warrior
             ... wielding a +0 mace
              (26 damage)
             ... on level 3 of the Dungeon.
             The game lasted 00:06:29 (2060 turns).

Kaptain the Digger (Octopode Earth Elementalist)    Turns: 2060, Time: 00:06:31

Health: -4/28      AC:  1    Str:  7    XL:     4   Next: 22%
Magic:  1/8        EV: 13    Int: 24    God:
Gold:   146        SH:  0    Dex: 12    Spells: 7/8 levels left

rFire    . . .     SeeInvis .   e - +0 short sword
rCold    . . .     Faith    .   (no shield)
rNeg     . . .     Spirit   .   (helmet restricted)
rPois    .         Reflect  .   (no amulet)
rElec    .         Harm     .   f - +6 ring of intelligence
rCorr    .         Rampage  .   (no ring)
MR       .....                  (no ring)
Stlth    +++.......             (no ring)
HPRegen  0.09/turn              (no ring)
MPRegen  0.11/turn              (no ring)
                                (no ring)
                                (no ring)

@: no status effects
A: almost no armour, stealthy swim, amphibious, 8 rings, constrict 8, camouflage
1, gelatinous body 1
a: no special abilities


You were on level 3 of the Dungeon.
You visited 1 branch of the dungeon, and saw 3 of its levels.

You collected 146 gold pieces.

Inventory:

Hand Weapons
 e - a +0 short sword (weapon)
Missiles
 b - 24 stones (quivered)
Jewellery
 f - a +6 ring of intelligence (left tentacle)
Scrolls
 c - a scroll of teleportation {unknown}
 d - a scroll of remove curse
Potions
 a - 3 potions of brilliance


   Skills:
 + Level 1.0 Fighting
 + Level 2.4 Dodging
 + Level 3.4 Stealth
 * Level 2.7 Spellcasting
   Level 1.0 Transmutations
 * Level 3.6 Earth Magic


You had 7 spell levels left.
You knew the following spells:

 Your Spells              Type           Power        Failure   Level
a - Sandblast             Erth           ###...       2%          1

Your spell library contained the following spells:

 Spells                   Type           Power        Failure   Level
 Passwall                 Tmut/Erth      ##......     7%          2
 Animate Skeleton         Necr           #.....       11%         1
 Apportation              Tloc           #.....       11%         1
 Corona                   Hex            #......      11%         1
 Summon Small Mammal      Summ           #...         11%         1
 Stone Arrow              Conj/Erth      ##....       16%         3
 Petrify                  Tmut/Erth      ##......     41%         4
 Lee's Rapid Deconstruct  Erth           ###.......   56%         5


Dungeon Overview and Level Annotations

Branches:
Dungeon (3/15)

Altars:
Okawaru

Annotations:
D:2 Terence
D:3 1 runed translucent door, ugdurtz's ghost, amateur MfGl


Innate Abilities, Weirdness & Mutations

You cannot wear most types of armour.
You are very stealthy in the water. (Stealth+)
You are amphibious.
You can wear up to eight rings at the same time.
You can use your tentacles to constrict eight enemies at once.
Your skin changes colour to match your surroundings (Stealth+).
Your rubbery body absorbs attacks. (AC +1, EV +1)


Message History

Aim: an orc warrior, wielding a +0 mace and wearing a +0 plate armour The blast of sand hits the orc warrior but does no damage.
b - 26 stones The orc warrior hits you with a +0 mace!
Casting: Sandblast (safe; 2% risk of failure)
Confirm with . or Enter, or press ? or * to list all spells.
Aiming: Sandblast (safe; 2% risk of failure)
Press: ? - help, Shift-Dir - straight line, f/p - orc warrior
Aim: an orc warrior, wielding a +0 mace and wearing a +0 plate armour The blast of sand hits the orc warrior but does no damage.
b - 25 stones
Casting: Sandblast (safe; 2% risk of failure)
Confirm with . or Enter, or press ? or * to list all spells.
Press: ? - help, Shift-Dir - straight line, f/p - orc warrior
Aim: an orc warrior, wielding a +0 mace and wearing a +0 plate armour The blast of sand hits the orc warrior but does no damage.
b - 24 stones The orc warrior hits you with a +0 mace!!
Ouch! That really hurt!
You die...

#################
#........@o.....#
#.#############.# ##.##
#.# ##...## #.#
#####.....## #.#
...........# #.#
#####..†..##
########.##### ##...##
.............#
####.#####.#######...#.#


You could see an orc warrior.

Vanquished Creatures
  An orc wizard (D:3)
  An ooze (D:2)
  A dart slug (D:1)
  A leopard gecko (D:3)
  2 orcs (D:3)
  2 giant cockroaches
  2 goblins (D:2)
  5 hobgoblins (D:1)
  A quokka (D:2)
  A ball python (D:2)
  4 bats
  5 frilled lizards
  5 kobolds
  A quokka skeleton (D:2)
  3 rats
35 creatures vanquished.

Notes
Turn   | Place    | Note
-------+----------+-------------------------------------------
     0 | D:1      | Kaptain the Octopode Earth Elementalist began the quest for
                  | the Orb.
     0 | D:1      | Reached XP level 1. HP: 11/11 MP: 3/3
   307 | D:1      | Reached XP level 2. HP: 17/17 MP: 3/5
   688 | D:2      | Reached XP level 3. HP: 22/22 MP: 0/6
   744 | D:2      | Found a faded altar of an unknown god.
  1277 | D:2      | Found an iron altar of Okawaru.
  1284 | D:2      | Noticed Terence
  1326 | D:2      | HP: 1/22 [Terence/+0 flail of protection (3)]
  1908 | D:3      | Found a runed translucent door.
  1908 | D:3      | Noticed ugdurtz's ghost (amateur MfGl)
  2017 | D:3      | Reached skill level 1 in Fighting
  2017 | D:3      | Reached XP level 4. HP: 28/28 MP: 4/8
  2024 | D:3      | Noticed an orc warrior
  2060 | D:3      | Slain by an orc warrior

Illustrated notes

Levels and vault maps discovered:
D:1:      psy_arrival_whirlpool, layout_basic, minmay_crystal_room
D:2:      layout_loops_ring, lemuel_doored_altar,
          chequers_ecumenical_altar_simple, grunt_ministairs_2, uniq_terence
D:3:      layout_loops_ring, ebering_ghost_reflecting_pool

Skill      XL: |  1  2  3 |
---------------+----------+-----
Stealth        | 3 |  3.4
Fighting       | 1 |  1.0
Dodging        | |  2.4
Spellcasting   | |  2.7
Transmutations | |  1.0
Earth Magic    | |  3.6

Action                   |  1- 3 |  4- 6 || total
-------------------------+-------+-------++-------
Melee: Short sword       |    13 |       ||    13
       Constrict         |     2 |       ||     2
       Tentacles         |     2 |       ||     2
 Cast: Sandblast         |    54 |     9 ||    63
  Use: Scroll            |     7 |       ||     7
       Potion            |     2 |       ||     2
 Stab: Sleeping          |     3 |       ||     3
Armor: Skin              |     3 |       ||     3
Dodge: Dodged            |    21 |       ||    21

Table legend: (Time is in decaauts)
 A = Elapsed time spent in this place.
 B = Non-inter-level travel time spent in this place.
 C = Inter-level travel time spent in this place.
 D = Time resting spent in this place.
 E = Time spent auto-exploring this place.
 F = Levels seen in this place.
 G = Mean time per level.
                   A        B        C        D        E       F      G
               +--------+--------+--------+--------+--------+-----+--------+
         Total |   2060 |   1978 |     82 |    353 |   1254 |   3 |  686.7 |
       Dungeon |   2060 |   1978 |     82 |    353 |   1254 |   3 |  686.7 |
               +--------+--------+--------+--------+--------+-----+--------+

Top non-repeatable levels by time:
     D:2: 1008 daAuts
     D:1: 852 daAuts
     D:3: 200 daAuts
